 Dungeon Crawl Stone Soup version 0.18-a0-1685-g4482fe3 (webtiles) character file.

81 4thArraOfDagon the Chopper (level 4, -5/38 HPs)
             Began as a Hill Orc Gladiator on Apr 4, 2016.
             Was a Follower of Makhleb.
             Slain by Natasha (7 damage)
             ... on level 3 of the Dungeon.
             The game lasted 00:02:50 (471 turns).

4thArraOfDagon the Chopper (Hill Orc Gladiator)      Turns: 471, Time: 00:02:51

Health: -5/38      AC:  4    Str: 18    XL:     4   Next: 42%
Magic:  4/4        EV: 12    Int:  8    God:    Makhleb [*.....]
Gold:   37         SH:  0    Dex: 11    Spells: 0 memorised, 3 levels left

rFire  . . .     SeeInvis .     a - +0 war axe
rCold  . . .     Gourm    .     b - +0 leather armour
rNeg   . . .     Faith    .     (no shield)
rPois  .         Spirit   .     c - +0 helmet
rElec  .         Dismiss  .     (no cloak)
rCorr  .         Reflect  .     (no gloves)
SustAt .         Harm     .     (no boots)
MR     .....                    l - amulet of magic regeneration
Stlth  ++........               (no ring)
                                o - ring of stealth

@: very slightly contaminated, hasted and slowed, drained, not resistant to
hostile enchantments, unstealthy
A: no striking features
a: Renounce Religion


You were on level 3 of the Dungeon.
You worshipped Makhleb.
Makhleb was aware of your devotion.
You were not hungry.

You visited 1 branch of the dungeon, and saw 3 of its levels.

You collected 37 gold pieces.

Inventory:

Hand Weapons
 a - a +0 war axe (weapon)
Armour
 b - a +0 leather armour (worn)
 c - a +0 helmet (worn)
Jewellery
 l - an amulet of magic regeneration (around neck)
 o - a ring of stealth (left hand)
Scrolls
 h - a scroll of magic mapping {unknown}
 i - a scroll of immolation {unknown}
 n - a scroll of random uselessness {unknown}
Comestibles
 f - 2 bread rations
 g - a meat ration
 j - a chunk of flesh
 k - 4 fruits


   Skills:
 + Level 3.2(3.0) Fighting
 * Level 5.8(5.6) Axes
 - Level 1.7(1.6) Throwing
 + Level 1.6(1.5) Armour
 - Level 2.4(2.3) Dodging


You had 3 spell levels left.
You didn't know any spells.

Dungeon Overview and Level Annotations

Branches:
Dungeon (3/15)

Altars:
Makhleb
Xom

Annotations:
D:3 Natasha


Message History

Natasha is heavily wounded.
Natasha casts a spell at you. The magic dart hits you!
* * * LOW HITPOINT WARNING * * *
Unknown command.
Unknown command.
You hit Natasha.
Natasha is heavily wounded.
The crimson imp disappears in a puff of smoke!
Natasha barely misses you.
Unknown command.
You closely miss Natasha.
Natasha is heavily wounded.
The white imp shouts, "Begone, thou impertinent flat-headed tiler!"
Natasha mumbles some strange words.
Unknown command.
You hit Natasha.
Natasha is heavily wounded.
Natasha claws you!
You die...

## .. #. #. ######. ####
#.....[...##########. ...
..b.......@h5........ .##
#(##########.....#.# ..###
.....# #####..##.#.#S ....#
#.##.# #...#.)# .....
..#.###.##.# #.#.#..#..#.#.
.....##.##.###......#..h...
>..........).).............
#.......##...†...........#.
#...<.######...##........#


You could see Natasha and a white imp.

Vanquished Creatures
  6 adders
  2 worms
  An orc (D:3)
  A ball python (D:2)
  2 hobgoblins
  7 bats
  A giant newt (D:2)
  5 kobolds
  A rat (D:2)
26 creatures vanquished.

Notes
Turn   | Place    | Note
--------------------------------------------------------------
     0 | D:1      | 4thArraOfDagon the Hill Orc Gladiator began the quest for the Orb.
     0 | D:1      | Reached XP level 1. HP: 18/18 MP: 1/1
    70 | D:2      | Reached XP level 2. HP: 8/25 MP: 2/2
   117 | D:2      | Reached skill level 1 in Armour
   156 | D:2      | Found a burning altar of Makhleb.
   156 | D:2      | Found a shimmering altar of Xom.
   159 | D:2      | Became a worshipper of Makhleb the Destroyer
   243 | D:1      | Reached XP level 3. HP: 27/30 MP: 3/3
   277 | D:1      | Reached skill level 5 in Axes
   413 | D:3      | Reached XP level 4. HP: 32/37 MP: 4/4
   435 | D:3      | Noticed Natasha
   460 | D:3      | Reached * piety under Makhleb
   471 | D:3      | Slain by Natasha

Vault maps used:
D:1:      minmay_arrival_five_plusses
D:2:      gammafunk_temple_overflow_elements, lemuel_crystal_altar,
          nicolae_overflow_crystal_walls, first_bread, item_on_display_a
D:3:      uniq_natasha

Skill      XL: |  1  2  3  4 |
---------------+-------------+-----
Armour         | 1 |  1.6
Axes           | 5 |  5.8
Fighting       | 3 |  3.2
Throwing       | |  1.7
Dodging        | |  2.4

Action                   |  1- 3 |  4- 6 || total
-------------------------+-------+-------++-------
Melee: War axe           |    53 |    20 ||    73
Throw: Throwing net      |    10 |     3 ||    13
  Use: Potion            |     1 |     4 ||     5
 Stab: Sleeping          |     4 |       ||     4
       Held in net/web   |     1 |       ||     1
